AoeStats
← Bu7

Glade

510295573Analyzed
1v1 RM · 2d ago on Sep 30, 2026· 30m 7s· 2 players
Game mode
Random Map
Map size
Tiny (2 player)
Population
200
Speed
Normal
Resources
Standard
Victory
Conquest
Starting age
Dark Age
Ending age
Imperial Age
RankedLock teamsTeams togetherTeam positionsShared explorationLock speedFull tech treeHidden civsTurbo modeCheats
Victory
Defeat
🇹🇷 Chinese · Türkiye
884
+13
🇫🇷 Khmer · France
817
-35
NaturalHigh
2:10 Loom
9:29 Feudal Age
16:18 Scale Barding Armor
16:24 Forging
17:35 Horse Collar
21:34 Double-Bit Axe
22:26 Gold Mining
22:30 Stone Mining
26:08 Castle Age
Bu7
0:26 Loom
12:26 Feudal Age
12:52 Double-Bit Axe
12:54 Horse Collar
13:21 Gold Mining
16:48 Stone Mining
17:17 Fletching
19:47 Castle Age
18:41 Padded Archer Armor
20:58 Bodkin Arrow
21:22 Leather Archer Armor
20:39 Crossbowman
22:28 Bow Saw
26:24 Wheelbarrow
26:35 Wheelbarrow
28:23 Ballistics
28:49 Gold Shaft Mining
28:50 Stone Shaft Mining
28:37 Hand Cart
28:09 Town Watch
Connection lost

Rejoining the realm…

Still unreachable

The connection could not be restored.

Session expired

The server has moved on; the page needs a fresh start.